 Dungeon Crawl Stone Soup version 0.31-a0-267-g3fc6992b3b (webtiles) character file.

Game seed: 11145951492306637465

373 qw the Shooter (level 6, -12/38 HPs)
             Began as a Gargoyle Hexslinger on July 14, 2023.
             Mangled by an ogre
             ... wielding a +0 giant club
              (23 damage)
             ... on level 4 of the Dungeon.
             The game lasted 00:01:27 (3008 turns).

qw the Shooter (Gargoyle Hexslinger)                Turns: 3008, Time: 00:01:27

Health: -12/38     AC: 10    Str: 12    XL:     6   Next: 71%
Magic:  7/7        EV: 10    Int: 13    God:
Gold:   233        SH:  0    Dex: 14    Spells: 6/7 levels left

rFire   . . .        Y - +1 sling
rCold   . . .        (no shield)
rNeg    + . .        b - +0 ring mail
rPois   inf          (no helmet)
rElec   +            (no cloak)
rCorr   .            (no gloves)
SInv    .            i - +0 pair of boots {rampage}
Will    .....        d - amulet of regeneration
Stlth   +            (no ring)
HPRegen 1.06/turn    (no ring)
MPRegen 0.10/turn

%: rampage
@: no status effects
A: sickness immunity, AC +4, negative energy resistance 1, electricity
resistance, torment resistance 1, petrification resistance
a: no special abilities


You were on level 4 of the Dungeon.
You visited 1 branch of the dungeon, and saw 4 of its levels.

You collected 233 gold pieces.


Innate Abilities, Weirdness & Mutations

You are immune to sickness and miasma.
Your stone body is resilient. (AC +4)
You are immune to poison.
You resist negative energy. (rN+)
You are resistant to electric shocks. (rElec)
You are resistant to unholy torment.
You are immune to petrification.


   Skills:
 - Level 3.8 Fighting
 + Level 5.8 Ranged Weapons
 - Level 1.0 Armour
 - Level 1.5 Dodging
 - Level 1.0 Spellcasting
 - Level 2.6 Hexes


You had 6 spell levels left.
You knew the following spells:

 Your Spells              Type           Power      Damage    Failure   Level
a - Slow                  Hex            28%        N/A       22%         1

Your spell library contained the following spells:

 Spells                   Type           Power      Damage    Failure   Level
 Inner Flame              Hex/Fire       4%         N/A       73%         3
 Portal Projectile        Hex/Tloc       8%         N/A       73%         3
 Cause Fear               Hex            3%         N/A       91%         4

Inventory:

Hand Weapons
 Y - a +1 sling (weapon)
Armour
 b - a +0 ring mail (worn)
 i - a +0 pair of boots of rampaging (worn)
Jewellery
 d - an amulet of regeneration (around neck)
 k - a +4 ring of protection
Scrolls
 c - a scroll of enchant armour {unknown}
 f - a scroll of identify
Potions
 a - a potion of haste
 e - a potion of curing {unknown}
 h - 2 potions of might
 j - a potion of resistance {unknown}

Dungeon Overview and Level Annotations

Branches:
Dungeon (4/15)
 Temple: D:4-7

Altars:


Message History

Enter note:
Enter note:
Enter note:
Enter note:
Enter note:
Enter note:
Enter note:
Enter note: You shoot a sling bullet.
The sling bullet hits the phantom but does no damage.
The phantom is severely damaged.
The iguana hisses angrily.
The ogre shouts!
The phantom hits you but does no damage.
You shoot a sling bullet. The sling bullet misses the phantom.
The iguana bites you. The phantom hits you.
You shoot a sling bullet.
The sling bullet closely misses the phantom.
The phantom closely misses you. The iguana bites you!
The dart slug launches a dart at you. The slug dart hits you.
You shoot a sling bullet.
The sling bullet barely misses the phantom.
The phantom barely misses you.
The iguana bites you but does no damage.
The iguana completely misses you. The ogre barely misses you.
The phantom closely misses you.
You shoot a sling bullet.
The sling bullet barely misses the phantom.
The iguana barely misses you.
The phantom hits you but does no damage.
You shoot a sling bullet. The sling bullet hits the phantom.
The phantom is severely damaged.
The ogre hits you with a +0 giant club! The iguana barely misses you.
The phantom hits you but does no damage.
You shoot a sling bullet. The sling bullet hits the phantom.
The phantom is almost destroyed.
The phantom barely misses you.
The ogre hits you with a +0 giant club!!
Ouch! That really hurt!
You die...

#.# ##...... #.# #..##.#
#. #.# # #. .... #.###.##
.## ...... #...... .. .
.......
##..##.###########.###..
.......
........................
###....
###.......###....W..#
??##### ##........#
#...@...# ...#
.#........# #..Olw..#####
J..+ .#........#
#.....(.##..##..#
.##.#######
#.......#....%# .##.#
#!......#....## .##.#
#.......##..##
....##################'##
.............# ##..##
..#.########.# #....+


You could see an ogre, a phantom, an iguana and a dart slug.

Vanquished Creatures
  A black bear (D:4)
  A scorpion (D:4)
  A hound (D:4)
  A sleepcap (D:4)
  2 iguanas
  2 adders (D:2)
  2 worms
  2 dart slugs
  An orc (D:3)
  7 ball pythons
  12 endoplasms
  6 giant cockroaches
  5 goblins
  9 hobgoblins
  A jackal (D:4)
  5 kobolds
  3 quokkas
  7 bats
  6 frilled lizards
  6 rats
80 creatures vanquished.

Notes
Turn   | Place    | Note
-------+----------+-------------------------------------------
     0 | D:1      | qw the Gargoyle Hexslinger began the quest for the Orb.
     0 | D:1      | Reached XP level 1. HP: 12/12 MP: 2/2
     0 | D:1      | 0 ||| qw: Version: 0.3-a-52-g30416fa
     0 | D:1      | 0 ||| qw: Game counter: 7884
     0 | D:1      | 0 ||| qw: Melee chars always use a shield: true
     0 | D:1      | 0 ||| qw: God list: Okawaru
     0 | D:1      | 0 ||| qw: Allow faded altars: false
     0 | D:1      | 0 ||| qw: Do Orc after clearing Dungeon:15 true
     0 | D:1      | 0 ||| qw: Do second Lair branch before Depths: true
     0 | D:1      | 0 ||| qw: Lair rune preference: random
     0 | D:1      | 0 ||| qw: Goals: Normal
     0 | D:1      | 0 ||| PLANNING D:1-11
   188 | D:1      | Reached XP level 2. HP: 6/16 MP: 3/3
   454 | D:1      | Reached skill level 3 in Ranged Weapons
   641 | D:1      | 641 ||| FLEEEEING.
   648 | D:1      | 648 ||| FLEEEEING.
   788 | D:1      | 788 ||| FLEEEEING.
   804 | D:1      | Reached XP level 3. HP: 21/21 MP: 4/4
   896 | D:1      | 896 ||| UPGRADING to +0 leather armour.
   906 | D:1      | 906 ||| DROPPING +0 robe.
   907 | D:1      | 907 ||| READING scroll labelled HIPNUN KAKU.
   908 | D:1      | 908 ||| READING 2 scrolls labelled WESYC DAKHLO.
   909 | D:1      | 909 ||| READING scroll labelled YRIEM ZUANEI.
   910 | D:1      | 910 ||| DROPPING scroll of poison.
  1029 | D:2      | 1029 ||| READING 3 scrolls labelled GUFIRI WULO.
  1030 | D:2      | 1030 ||| DRINKING 2 bubbling silvery potions.
  1076 | D:2      | 1076 ||| DROPPING 2 scrolls of fear.
  1077 | D:2      | 1077 ||| DROPPING potion of lignification.
  1089 | D:2      | 1089 ||| STAIRDANCE
  1591 | D:2      | Reached XP level 4. HP: 26/26 MP: 5/5
  1607 | D:2      | Reached skill level 4 in Ranged Weapons
  1879 | D:2      | 1879 ||| UPGRADING to +0 ring mail.
  1889 | D:2      | 1889 ||| DROPPING +0 leather armour.
  1890 | D:2      | 1890 ||| UPGRADING to amulet of regeneration.
  1895 | D:2      | 1895 ||| READING scroll labelled HASU NEIPTO.
  1898 | D:2      | 1898 ||| READING 4 scrolls of identify.
  1898 | D:2      | 1898 ||| IDENTIFYING metallic coppery potion
  1899 | D:2      | 1899 ||| READING 3 scrolls of identify.
  1899 | D:2      | 1899 ||| IDENTIFYING bubbling purple potion
  1900 | D:2      | 1900 ||| READING 2 scrolls of identify.
  1900 | D:2      | 1900 ||| IDENTIFYING fuming cyan potion
  1901 | D:2      | 1901 ||| DROPPING potion of degeneration.
  2011 | D:3      | Reached skill level 1 in Armour
  2344 | D:3      | 2344 ||| UPGRADING to +0 pair of boots of rampaging.
  2349 | D:3      | 2349 ||| READING scroll labelled IPYGRYO KUVI.
  2350 | D:3      | 2350 ||| READING 2 scrolls of identify.
  2350 | D:3      | 2350 ||| IDENTIFYING sapphire potion
  2351 | D:3      | 2351 ||| DROPPING potion of invisibility.
  2371 | D:4      | Reached XP level 5. HP: 30/30 MP: 6/6
  2558 | D:4      | Reached skill level 5 in Ranged Weapons
  2782 | D:4      | Reached skill level 3 in Fighting
  2782 | D:4      | Reached XP level 6. HP: 35/38 MP: 7/7
  2897 | D:4      | Noticed a black bear
  2908 | D:4      | HP: 7/38 [black bear (6)]
  2909 | D:4      | 2909 ||| READING scroll of teleportation.
  2910 | D:4      | HP: 3/38 [black bear (2)]
  2912 | D:4      | Killed a black bear
  3008 | D:4      | Mangled by an ogre

Levels and vault maps discovered:
D:1:      spicycebolla_arrival_ecumenical, layout_basic, minmay_hexomino_p4
D:2:      layout_basic, amcnicky_mini_pool_small, mrwooster_statue_mirror
D:3:      layout_rooms, minmay_fountain_box
D:4:      minmay_bubble_buster, layout_basic, grunt_decor_fettered,
          minmay_fractal_squares_5

Skill      XL: |  1  2  3  4  5 |
---------------+----------------+-----
Ranged Weapons | 3 4 5 |  5.8
Fighting       | 2 3 |  3.8
Armour         | 1 |  1.0
Dodging        | |  1.5
Spellcasting   | |  1.0
Hexes          | |  2.6

Action                     |  1- 3 |  4- 6 || total
---------------------------+-------+-------++-------
   Fire: Sling             |   138 |   243 ||   381
    Use: Scroll            |     4 |     7 ||    11
         Potion            |     1 |       ||     1
 Armour: Robe              |    13 |       ||    13
         Leather armour    |    14 |     2 ||    16
         Ring mail         |       |    88 ||    88
  Dodge: Dodged            |    52 |   104 ||   156

Table legend:
 A = Non-vault XP
 B = Vault XP
 C = Vault XP percentage of total XP
 D = Non-vault monster count
 E = Vault monster count
 F = Vault count percentage of total count
                 A         B        C        D         E       F
            +---------+---------+-------+---------+---------+-------
      Total |     306 |     227 |  42.6 |      69 |      11 |  13.8
            +---------+---------+-------+---------+---------+-------
        D:1 |      32 |       4 |  11.1 |      17 |       3 |  15.0
        D:2 |      63 |       0 |   0.0 |      21 |       0 |   0.0
        D:3 |      65 |       0 |   0.0 |      18 |       0 |   0.0
        D:4 |     146 |     223 |  60.4 |      13 |       8 |  38.1
            +---------+---------+-------+---------+---------+-------
